AoeStats
← enanone

Four Lakes

508066230Analyzed
1v1 RM · 11d ago on Sep 20, 2026· 44m 7s· 2 players
Game mode
Random Map
Map size
Tiny (2 player)
Population
200
Speed
Normal
Resources
Standard
Victory
Conquest
Starting age
Dark Age
Ending age
Imperial Age
RankedLock teamsTeams togetherTeam positionsShared explorationLock speedFull tech treeHidden civsTurbo modeCheats
Victory
Defeat
🇪🇸 Poles · Spain
1344
+16
🇨🇱 Vikings · Chile
1340
-16
Gus Dekkers
6:31 Loom
9:22 Feudal Age
17:37 Scale Barding Armor
22:38 Castle Age
22:31 Forging
24:49 Chain Barding Armor
27:02 Iron Casting
29:20 Scale Mail Armor
29:14 Town Watch
31:29 Gold Mining
37:23 Imperial Age
35:30 Chain Mail Armor
35:05 Fletching
35:17 Pikeman
40:21 Cavalier
42:00 Gold Shaft Mining
41:20 Horse Collar
43:31 Blast Furnace
enanone
10:19 Feudal Age
11:10 Double-Bit Axe
11:26 Horse Collar
11:33 Loom
16:47 Wheelbarrow
19:41 Gold Mining
22:30 Castle Age
23:06 Bloodlines
23:52 Heavy Plow
24:50 Bow Saw
24:46 Husbandry
26:41 Medium Warships
27:23 Forging
27:18 Scale Barding Armor
29:15 Chain Barding Armor
30:19 Iron Casting
30:04 Fishing Lines
33:10 Hand Cart
33:27 Fletching
35:03 Gillnets
40:59 Imperial Age
39:50 Szlachta Privileges
40:46 Scale Mail Armor
41:08 Ballistics
40:59 Masonry
41:14 Cavalier
43:18 Blast Furnace
44:28 Stone Mining
Connection lost

Rejoining the realm…

Still unreachable

The connection could not be restored.

Session expired

The server has moved on; the page needs a fresh start.